TOP OF THE 1ST |
Red Deer Wranglers batting - Pitching for Bismarck Barons : RHP Dwayne Allen
|
Pitching: RHP Dwayne Allen
|
|
Batting: RHB Xavier López
|
0-0: Ball 1-0: Fly out, F7 (Flyball, 78S)
|
Batting: RHB Allen Brown
|
0-0: Called Strike 0-1: Foul Ball, location: 2F 0-2: Ground out 6-3 (Groundball, 6M)
|
Batting: RHB Ismael Ortíz
|
0-0: Called Strike 0-1: Swinging Strike 0-2: Strikes out swinging
|
Top of the 1st over - 0 run(s), 0 hit(s), 0 error(s), 0 left on base; Red Deer 0 - Bismarck 0 |
BOTTOM OF THE 1ST |
Bismarck Barons batting - Pitching for Red Deer Wranglers : RHP Denny Koch
|
Pitching: RHP Denny Koch
|
|
Batting: LHB Earl Wigfall
|
0-0: Foul Ball, location: 2F 0-1: Called Strike 0-2: Fly out, F4 (Popup, 34D)
|
Batting: RHB Eugenio Maldonado
|
0-0: DOUBLE (Flyball, 89XD)
|
Batting: RHB Jason Stover
|
0-0: Ball 1-0: Ball 2-0: Ball 3-0: Called Strike 3-1: Base on Balls
|
Batting: RHB Fernando Castellanos
|
0-0: Ball 1-0: Fly out, F9 (Flyball, 9D) Runner from 2nd tags up, SAFE at 3rd, no throw
|
Batting: RHB Dave Anderson
|
0-0: Ball 1-0: Swinging Strike 1-1: Called Strike 1-2: Foul Ball, location: 2F 1-2: Fly out, F9 (Flyball, 9LSF)
|
Bottom of the 1st over - 0 run(s), 1 hit(s), 0 error(s), 2 left on base; Red Deer 0 - Bismarck 0 |
TOP OF THE 2ND |
Red Deer Wranglers batting - Pitching for Bismarck Barons : RHP Dwayne Allen
|
Batting: RHB Art Cameron
|
0-0: Called Strike 0-1: Ball 1-1: Foul Ball, location: 2F 1-2: Strikes out swinging
|
Batting: RHB Luis Ibarra
|
0-0: Ball 1-0: Ball 2-0: Foul Ball, location: 2F 2-1: Ground out 4-3 (Groundball, 4)
|
Batting: LHB Alejandro Rojas
|
0-0: Ball 1-0: Ball 2-0: Swinging Strike 2-1: Ball 3-1: Called Strike 3-2: Strikes out swinging
|
Top of the 2nd over - 0 run(s), 0 hit(s), 0 error(s), 0 left on base; Red Deer 0 - Bismarck 0 |
BOTTOM OF THE 2ND |
Bismarck Barons batting - Pitching for Red Deer Wranglers : RHP Denny Koch
|
Batting: SHB José Gonzáles
|
0-0: Ball 1-0: Ground out 4-3 (Groundball, 4)
|
Batting: RHB Eric Black
|
0-0: Foul Ball, location: 2F 0-1: Ball 1-1: Ball 2-1: Ball 3-1: Foul Ball, location: 2F 3-2: Base on Balls
|
Batting: RHB Tomás Rivera
|
0-0: Foul Ball, location: 2F 0-1: Fly out, F6 (Line Drive, 6)
|
Batting: RHB Xie-li Fong
|
0-0: Called Strike 0-1: Swinging Strike 0-2: Fly out, F4 (Line Drive, 4)
|
Bottom of the 2nd over - 0 run(s), 0 hit(s), 0 error(s), 1 left on base; Red Deer 0 - Bismarck 0 |
TOP OF THE 3RD |
Red Deer Wranglers batting - Pitching for Bismarck Barons : RHP Dwayne Allen
|
Batting: RHB Ben Fisher
|
0-0: Ball 1-0: Fly out, F8 (Line Drive, 89M)
|
Batting: LHB Héctor Santos
|
0-0: Foul Ball, location: 2F 0-1: Foul Ball, location: 2F 0-2: Ball 1-2: Strikes out swinging
|
Batting: RHB Steve Burton
|
0-0: Called Strike 0-1: Ball 1-1: Called Strike 1-2: Strikes out swinging
|
Top of the 3rd over - 0 run(s), 0 hit(s), 0 error(s), 0 left on base; Red Deer 0 - Bismarck 0 |
BOTTOM OF THE 3RD |
Bismarck Barons batting - Pitching for Red Deer Wranglers : RHP Denny Koch
|
Batting: LHB Earl Wigfall
|
0-0: Ball 1-0: Ball 2-0: Foul Ball, location: 2F 2-1: Ball 3-1: Called Strike 3-2: Fly out, F8 (Flyball, 8LM)
|
Batting: RHB Eugenio Maldonado
|
0-0: SOLO HOME RUN (Flyball, 8RXD), Distance : 394 ft
|
Batting: RHB Jason Stover
|
0-0: Foul Ball, location: 2F 0-1: Fly out, F9 (Flyball, 9)
|
Batting: RHB Fernando Castellanos
|
0-0: Ball 1-0: Called Strike 1-1: Ball 2-1: Called Strike 2-2: Foul Ball, location: 2F 2-2: Foul Ball, location: 2F 2-2: SINGLE (Groundball, 34D)
|
Batting: RHB Dave Anderson
|
0-0: Ball 1-0: Fly out, F9 (Flyball, 9LSF)
|
Bottom of the 3rd over - 1 run(s), 2 hit(s), 0 error(s), 1 left on base; Red Deer 0 - Bismarck 1 |
TOP OF THE 4TH |
Red Deer Wranglers batting - Pitching for Bismarck Barons : RHP Dwayne Allen
|
Batting: RHB Xavier López
|
0-0: Ball 1-0: Foul Ball, location: 2F 1-1: SINGLE (Groundball, 6D)
|
Batting: RHB Allen Brown
|
0-0: SINGLE (Line Drive, 78S) Xavier López to second
|
Batting: RHB Ismael Ortíz
|
0-0: Ball 1-0: Called Strike 1-1: Foul Ball, location: 2F 1-2: Ball 2-2: Ball 3-2: Foul Ball, location: 2F 3-2: Foul Ball, location: 2F 3-2: Foul Ball, location: 2F 3-2: Strikes out swinging
|
Batting: RHB Art Cameron
|
0-0: Ball 1-0: Ball 2-0: Reached on error, E6 (Groundball, 6) Xavier López to third Allen Brown to second
|
Batting: RHB Luis Ibarra
|
0-0: Ball 1-0: SINGLE (Line Drive, 9S) Xavier López scores Allen Brown to third Art Cameron to second
|
Batting: LHB Alejandro Rojas
|
0-0: Called Strike 0-1: SINGLE (Groundball, 3D) Allen Brown scores Art Cameron to third Luis Ibarra to second
|
Batting: RHB Ben Fisher
|
0-0: Swinging Strike 0-1: Ball 1-1: SINGLE (Groundball, 56) (infield hit) Art Cameron scores Luis Ibarra to third Alejandro Rojas to second
|
Batting: LHB Héctor Santos
|
0-0: Called Strike 0-1: Called Strike 0-2: Ground out 4-3 (Groundball, 4S) Luis Ibarra scores Alejandro Rojas to third Ben Fisher to second
|
Batting: RHB Steve Burton
|
0-0: Ball 1-0: SINGLE (Groundball, 56D) Alejandro Rojas scores Ben Fisher to third Runner from 3rd tries for Home, SAFE, no throw
|
Batting: RHB Xavier López
|
0-0: Called Strike 0-1: Ball 1-1: Ball 2-1: SINGLE (Groundball, 6S) (infield hit) Steve Burton to second
|
Batting: RHB Allen Brown
|
0-0: Called Strike 0-1: Foul Ball, location: 2F 0-2: Strikes out looking
|
Top of the 4th over - 6 run(s), 7 hit(s), 1 error(s), 2 left on base; Red Deer 6 - Bismarck 1 |
BOTTOM OF THE 4TH |
Bismarck Barons batting - Pitching for Red Deer Wranglers : RHP Denny Koch
|
Batting: SHB José Gonzáles
|
0-0: Ball 1-0: Foul Ball, location: 2F 1-1: Ball 2-1: Foul Ball, location: 2F 2-2: Ball 3-2: Ground out U3 (Groundball, 34)
|
Batting: RHB Eric Black
|
0-0: Called Strike 0-1: Ball 1-1: Foul Ball, location: 2F 1-2: Strikes out swinging
|
Batting: RHB Tomás Rivera
|
0-0: Ball 1-0: Called Strike 1-1: Called Strike 1-2: Ball 2-2: Foul Ball, location: 2F 2-2: Foul Ball, location: 2F 2-2: Ball 3-2: Foul Ball, location: 2F 3-2: Foul Ball, location: 2F 3-2: Base on Balls
|
Batting: RHB Xie-li Fong
|
0-0: Called Strike 0-1: Ball Tomás Rivera steals 2nd base 1-1: Ground out 4-3 (Groundball, 4)
|
Bottom of the 4th over - 0 run(s), 0 hit(s), 0 error(s), 1 left on base; Red Deer 6 - Bismarck 1 |
TOP OF THE 5TH |
Red Deer Wranglers batting - Pitching for Bismarck Barons : RHP Dwayne Allen
|
Pitching: RHP Edgar Villa
|
|
Batting: RHB Ismael Ortíz
|
0-0: Called Strike 0-1: Swinging Strike 0-2: Ball 1-2: Foul Ball, location: 2F 1-2: Ball 2-2: Foul Ball, location: 2F 2-2: Ball 3-2: Fly out, F5 (Line Drive, 5)
|
Batting: RHB Art Cameron
|
0-0: Foul Ball, location: 2F 0-1: Ball 1-1: Ball 2-1: Swinging Strike 2-2: Strikes out swinging
|
Batting: RHB Luis Ibarra
|
0-0: Called Strike 0-1: Ball 1-1: Ball 2-1: Ball 3-1: Foul Ball, location: 2F 3-2: Base on Balls
|
Batting: LHB Alejandro Rojas
|
0-0: Ball 1-0: Swinging Strike 1-1: Swinging Strike 1-2: Strikes out looking
|
Top of the 5th over - 0 run(s), 0 hit(s), 0 error(s), 1 left on base; Red Deer 6 - Bismarck 1 |
BOTTOM OF THE 5TH |
Bismarck Barons batting - Pitching for Red Deer Wranglers : RHP Denny Koch
|
Batting: LHB Earl Wigfall
|
0-0: Foul Ball, location: 2F 0-1: Foul Ball, location: 2F 0-2: Ball 1-2: Ball 2-2: Strikes out swinging
|
Batting: RHB Eugenio Maldonado
|
0-0: Ball 1-0: Ball 2-0: Ball 3-0: Called Strike 3-1: Swinging Strike 3-2: Base on Balls
|
Pitching: RHP Simón Amejorado
|
|
Batting: RHB Jason Stover
|
0-0: Ball 1-0: Called Strike 1-1: Ball 2-1: Ball 3-1: Fly out, F7 (Line Drive, 7)
|
Batting: RHB Fernando Castellanos
|
0-0: Fly out, F9 (Line Drive, 9D)
|
Bottom of the 5th over - 0 run(s), 0 hit(s), 0 error(s), 1 left on base; Red Deer 6 - Bismarck 1 |
TOP OF THE 6TH |
Red Deer Wranglers batting - Pitching for Bismarck Barons : RHP Edgar Villa
|
Batting: RHB Ben Fisher
|
0-0: Ball 1-0: Foul Ball, location: 2F 1-1: Ball 2-1: Swinging Strike 2-2: Fly out, F5 (Line Drive, 5L)
|
Batting: LHB Héctor Santos
|
0-0: Called Strike 0-1: Ball 1-1: Swinging Strike 1-2: Ball 2-2: Ball 3-2: Strikes out swinging
|
Batting: RHB Steve Burton
|
0-0: Ball 1-0: Foul Ball, location: 2F 1-1: Ball 2-1: SINGLE (Flyball, 3D)
|
Batting: RHB Xavier López
|
0-0: Ball 1-0: Fielders Choice at 2nd, 6-4 (Groundball, 6)
|
Top of the 6th over - 0 run(s), 1 hit(s), 0 error(s), 0 left on base; Red Deer 6 - Bismarck 1 |
BOTTOM OF THE 6TH |
Bismarck Barons batting - Pitching for Red Deer Wranglers : RHP Simón Amejorado
|
Batting: RHB Dave Anderson
|
0-0: Called Strike 0-1: Ground out 6-3 (Groundball, 6)
|
Batting: SHB José Gonzáles
|
0-0: Ball 1-0: Called Strike 1-1: Foul Ball, location: 2F 1-2: Foul Ball, location: 2F 1-2: Reached on error, E8 (Flyball, 8LD)
|
Batting: RHB Eric Black
|
0-0: Ball 1-0: Ball José Gonzáles steals 2nd base 2-0: DOUBLE (Flyball, 8RD) José Gonzáles scores
|
Batting: RHB Tomás Rivera
|
0-0: Ball 1-0: Ball 2-0: Ball 3-0: Base on Balls
|
Batting: RHB Xie-li Fong
|
0-0: Swinging Strike 0-1: Called Strike 0-2: Foul Ball, location: 2F 0-2: Ball 1-2: Foul Ball, location: 2F 1-2: Ball 2-2: Foul Ball, location: 2F 2-2: Ball 3-2: Strikes out swinging
|
Batting: LHB Earl Wigfall
|
0-0: Ball 1-0: Ball 2-0: Fielders Choice at 2nd, U4 (Groundball, 4M)
|
Bottom of the 6th over - 1 run(s), 1 hit(s), 1 error(s), 2 left on base; Red Deer 6 - Bismarck 2 |
TOP OF THE 7TH |
Red Deer Wranglers batting - Pitching for Bismarck Barons : RHP Edgar Villa
|
Batting: RHB Allen Brown
|
0-0: Ball 1-0: SINGLE (Groundball, 56D)
|
Batting: RHB Ismael Ortíz
|
0-0: Ball 1-0: Ball 2-0: Called Strike 2-1: Foul Ball, location: 2F 2-2: Grounds into double play, 6-4-3 (Groundball, 6)
|
Batting: RHB Art Cameron
|
0-0: Ball 1-0: Ball 2-0: Ball 3-0: Base on Balls
|
Batting: RHB Luis Ibarra
|
0-0: Ball 1-0: Called Strike Art Cameron is caught stealing 2nd base
|
Top of the 7th over - 0 run(s), 1 hit(s), 0 error(s), 0 left on base; Red Deer 6 - Bismarck 2 |
BOTTOM OF THE 7TH |
Bismarck Barons batting - Pitching for Red Deer Wranglers : RHP Simón Amejorado
|
Batting: RHB Eugenio Maldonado
|
0-0: Called Strike 0-1: Ball 1-1: Ball 2-1: Ball 3-1: Base on Balls
|
Batting: RHB Jason Stover
|
0-0: Called Strike 0-1: Foul Ball, location: 2F 0-2: SINGLE (Flyball, 7LS) Eugenio Maldonado to second
|
Batting: RHB Fernando Castellanos
|
0-0: Ball 1-0: Ball 2-0: Ball 3-0: Called Strike 3-1: Fly out, F8 (Flyball, 89M)
|
Batting: RHB Dave Anderson
|
0-0: Ball 1-0: Ball 2-0: Foul Ball, location: 2F 2-1: Swinging Strike 2-2: Strikes out swinging
|
Batting: SHB José Gonzáles
|
0-0: Called Strike 0-1: Ball 1-1: Swinging Strike 1-2: Strikes out swinging
|
Bottom of the 7th over - 0 run(s), 1 hit(s), 0 error(s), 2 left on base; Red Deer 6 - Bismarck 2 |
TOP OF THE 8TH |
Red Deer Wranglers batting - Pitching for Bismarck Barons : RHP Edgar Villa
|
Batting: RHB Luis Ibarra
|
0-0: Foul Ball, location: 2F 0-1: Foul Ball, location: 2F 0-2: Ball 1-2: Ball 2-2: Ball 3-2: Ground out 5-3 (Groundball, 56S)
|
Pitching: RHP Armando Torres
|
|
Batting: LHB Alejandro Rojas
|
0-0: Ball 1-0: Called Strike 1-1: Swinging Strike 1-2: Ball 2-2: Ball 3-2: Strikes out looking
|
Batting: RHB Ben Fisher
|
0-0: Ball 1-0: Ball 2-0: Called Strike 2-1: Called Strike 2-2: Foul Ball, location: 2F 2-2: Ground out 5-3 (Groundball, 25)
|
Top of the 8th over - 0 run(s), 0 hit(s), 0 error(s), 0 left on base; Red Deer 6 - Bismarck 2 |
BOTTOM OF THE 8TH |
Bismarck Barons batting - Pitching for Red Deer Wranglers : RHP Simón Amejorado
|
Batting: RHB Eric Black
|
0-0: Called Strike 0-1: Ball 1-1: Called Strike 1-2: Ball 2-2: Ball 3-2: Base on Balls
|
Batting: RHB Tomás Rivera
|
0-0: Called Strike 0-1: Ball 1-1: Ball 2-1: Swinging Strike 2-2: Strikes out swinging
|
Batting: RHB Xie-li Fong
|
0-0: Called Strike 0-1: SINGLE (Line Drive, 4D) Eric Black to second
|
Pitching: LHP Macy Catron
|
|
Batting: LHB Earl Wigfall
|
0-0: Ball 1-0: Fly out, F4 (Popup, 4D)
|
Pitching: RHP Alejandro Arriaza
|
|
Batting: RHB Eugenio Maldonado
|
0-0: Called Strike 0-1: Ground out 1-3 (Groundball, 13)
|
Bottom of the 8th over - 0 run(s), 1 hit(s), 0 error(s), 2 left on base; Red Deer 6 - Bismarck 2 |
TOP OF THE 9TH |
Red Deer Wranglers batting - Pitching for Bismarck Barons : RHP Armando Torres
|
Batting: LHB Héctor Santos
|
0-0: Called Strike 0-1: Foul Ball, location: 2F 0-2: Ground out U3 (Groundball, 34)
|
Batting: RHB Steve Burton
|
0-0: Called Strike 0-1: Ball 1-1: SINGLE (Groundball, 6MD)
|
Batting: RHB Xavier López
|
0-0: Ball 1-0: Called Strike 1-1: SINGLE (Groundball, 25) (infield hit) Steve Burton to second
|
Batting: RHB Allen Brown
|
0-0: Called Strike 0-1: Ball 1-1: Called Strike 1-2: Strikes out looking
|
Batting: RHB Ismael Ortíz
|
0-0: Called Strike 0-1: Ball 1-1: Foul Ball, location: 2F 1-2: Strikes out swinging
|
Top of the 9th over - 0 run(s), 2 hit(s), 0 error(s), 2 left on base; Red Deer 6 - Bismarck 2 |
BOTTOM OF THE 9TH |
Bismarck Barons batting - Pitching for Red Deer Wranglers : RHP Alejandro Arriaza
|
Batting: RHB Jason Stover
|
0-0: Ball 1-0: Called Strike 1-1: Swinging Strike 1-2: Strikes out looking
|
Batting: RHB Fernando Castellanos
|
0-0: Called Strike 0-1: Called Strike 0-2: Foul Ball, location: 2F 0-2: Foul Ball, location: 2F 0-2: Fly out, F9 (Flyball, 9S)
|
Batting: RHB Dave Anderson
|
0-0: Fly out, F8 (Flyball, 8LM)
|
Bottom of the 9th over - 0 run(s), 0 hit(s), 0 error(s), 0 left on base; Red Deer 6 - Bismarck 2 |
|